 Dungeon Crawl Stone Soup version 0.27-a0-385-g3208abaabc (webtiles) character file.

Game seed: 7873429864979230171

14565 dickylongcocking the Anamnesiscian (level 11, -2/124 HPs)
             Began as a Demonspawn Monk on Feb 20, 2021.
             Was an Elder of Hepliaklqana.
             Slain by a yak (6 damage)
             ... on level 2 of the Lair of Beasts.
             The game lasted 00:11:04 (11339 turns).

dickylongcocking the Anamnesiscian (DsMo)          Turns: 11339, Time: 00:11:05

Health: -2/124     AC: 29    Str: 15    XL:     11   Next: 90%
Magic:  21/21      EV:  2    Int: 11    God:    Hepliaklqana [****..]
Gold:   618        SH:  0    Dex: 16    Spells: 9/10 levels left

rFire    . . .     SeeInvis .     - Unarmed
rCold    + . .     Faith    .   (no shield)
rNeg     + + +     Spirit   .   (armour currently unavailable)
rPois    +         Reflect  .   (helmet currently unavailable)
rElec    .         Harm     .   (cloak currently unavailable)
rCorr    .         Rampage  .   (gloves currently unavailable)
Will     .....     NoTele   +   (boots currently unavailable)
Stlth    ++........             d - amulet of the acrobat
HPRegen  0.30/turn              k - +4 ring of protection
MPRegen  0.17/turn              H - ring of protection from cold

@: mighty, tree-form, attractive
A: reduced essence, powered by death 3, condensation shield
a: Renounce Religion, Recall Ancestor, Ancestor Identity, Transference, Idealise


You were on level 2 of the Lair of Beasts.
You worshipped Hepliaklqana.
Hepliaklqana was greatly pleased with you.
You were a tree.
You visited 3 branches of the dungeon, and saw 13 of its levels.

You collected 618 gold pieces.

Inventory:

Hand Weapons
 a - a +0 hand axe
 o - a +0 war axe
Armour
 b - a +0 robe
 e - a +0 pair of boots (melded)
 f - a +0 cloak (melded)
 j - a +0 scale mail
 r - a +2 ring mail of poison resistance (melded)
 K - +0 swamp dragon scales
 T - the +3 hat of Pondering {ponderous, Will+ MP+10 Int+5}
   (You took it off Gastronok on level 2 of the Lair of Beasts)

   It affects your intelligence (+5).
   It affects your willpower, your defense against some magical effects.
   It affects your magic capacity (+10).
Jewellery
 d - an amulet of the acrobat (around neck)
 i - a ring of positive energy {unknown}
 k - a +4 ring of protection (left branch)
 C - an amulet of magic regeneration
 H - a ring of protection from cold (right branch)
 I - a ring of fire {unknown}
Wands
 g - a wand of flame (13)
 q - a wand of acid (3)
 v - a wand of mindburst (10)
 w - a wand of random effects (59)
 P - a wand of paralysis (4)
 R - a wand of iceblast (6)
Scrolls
 c - a scroll of brand weapon {unknown}
 h - 2 scrolls of amnesia
 l - 2 scrolls of enchant weapon {unknown}
 m - 2 scrolls of enchant armour {unknown}
 n - 3 scrolls of magic mapping {unknown}
 s - 3 scrolls of teleportation {unknown}
 t - 4 scrolls of fog {unknown}
 u - 2 scrolls of noise {unknown}
 x - a scroll of immolation {unknown}
 y - 3 scrolls of random uselessness {unknown}
 D - a scroll of acquirement {unknown}
 G - 3 scrolls of blinking {unknown}
 J - a scroll of vulnerability {unknown}
 N - 14 scrolls of identify
Potions
 p - a potion of attraction
 z - a potion of lignification
 A - 2 potions of degeneration {unknown}
 B - a potion of might
 E - a potion of curing
 F - 4 potions of brilliance {unknown}
 L - a potion of cancellation {unknown}
 M - a potion of flight {unknown}
 O - a potion of ambrosia {unknown}
 Q - a potion of mutation {unknown}
Miscellaneous
 S - a phantom mirror (inert)


   Skills:
 * Level 11.4 Fighting
 - Level 4.5 Axes
 - Level 2.6 Dodging
 - Level 1.7 Stealth
 * Level 10.1 Unarmed Combat
 * Level 13.5 Invocations


You had 9 spell levels left.
You knew the following spells:

 Your Spells              Type           Power        Failure   Level
a - Apportation           Tloc           0%           34%         1

Your spell library contained the following spells:

 Spells                   Type           Power        Failure   Level
 Animate Skeleton         Necr           0%           34%         1
 Beastly Appendage        Tmut           0%           34%         1
 Corona                   Hex            0%           34%         1
 Foxfire                  Conj/Fire      0%           34%         1
 Pain                     Necr           0%           34%         1
 Summon Small Mammal      Summ           0%           34%         1
 Blink                    Tloc           N/A          47%         2
 Wereblood                Tmut           0%           47%         2
 Portal Projectile        Hex/Tloc       0%           71%         3
 Spider Form              Tmut/Pois      0%           71%         3
 Cause Fear               Hex            0%           98%         4
 Ice Form                 Ice/Tmut       0%           98%         4
 Blade Hands              Tmut           0%           100%        5
 Excruciating Wounds      Necr           0%           100%        5
 Dragon Form              Tmut           0%           100%        7
 Malign Gateway           Summ/Tloc      0%           100%        7
 Dragon's Call            Summ           0%           100%        9


Dungeon Overview and Level Annotations

Branches:
Dungeon (10/15)            Temple (1/1) D:5            Lair (2/6) D:10
    Orc (0/2) D:9
  Swamp: Lair:2-4    Shoals: Lair:2-4     Snake: Lair:2-4    Spider: Lair:2-4

Altars:
Ashenzari
Cheibriados
Dithmenos
Elyvilon
Fedhas
Gozag
Hepliaklqana
Kikubaaqudgha
Makhleb
Nemelex Xobeh
Okawaru
Qazlal
Ru
Sif Muna
Trog
Uskayaw
Vehumet
Wu Jian
Xom
Yredelemnul
Zin
The Shining One
Beogh

Shops:
D:9 *

Annotations:
D:5 3 runed translucent doors, crux's ghost, novice OpTm
Lair:2 Junaliek's ghost, journeyman MiFi


Innate Abilities, Weirdness & Mutations

((You have sharp fingernails.))
You regenerate a lot of health from kills.
((You are partially covered in razor-sharp scales. (AC +1, Slay +1)))
A meltable shield of frost defends you. (SH +0)
Your life essence is reduced to manifest your ancestor. (-10% HP)


Message History

The yak gores you but does no damage.
You barely miss the wolf.
The wolf is heavily wounded.
The wolf bites you but does no damage. x2; The yak completely misses you.
The yak gores you but does no damage. x2
Unknown command.
You closely miss the wolf.
The wolf is heavily wounded.
The wolf bites you but does no damage. The wolf bites you.
* * * LOW HITPOINT WARNING * * *
The yak gores you but does no damage. The yak gores you.
* * * LOW HITPOINT WARNING * * *
The wolf bites you but does no damage.
You closely miss the wolf.
The wolf is heavily wounded.
The wolf bites you.
* * * LOW HITPOINT WARNING * * *
The yak gores you but does no damage. The wolf completely misses you.
The wolf bites you but does no damage. The yak gores you but does no damage.
Unknown command.
You feel better. The wolf bites you.
* * * LOW HITPOINT WARNING * * *
The yak gores you.
* * * LOW HITPOINT WARNING * * *
The wolf bites you but does no damage. The yak gores you but does no damage.
The wolf bites you but does no damage. The yak gores you.
* * * LOW HITPOINT WARNING * * *
You feel better. The wolf barely misses you.
The yak gores you but does no damage. The wolf bites you but does no damage.
The yak gores you but does no damage. The wolf bites you!
* * * LOW HITPOINT WARNING * * *
The yak gores you but does no damage.
Unknown command.
Okay, then.
It was a potion of attraction.
You feel attractive to monsters. The wolf bites you but does no damage.
The wolf bites you.
* * * LOW HITPOINT WARNING * * *
The yak gores you.
You die...

##......................
#.......................
##......................
#P.........#####.#..>...
##..........# ###P.....
#.#.........# ....
##..........## ....
##......Y...# ....
#P.....♣Y..#
##....hhY..# #.....Y...#
#.........# #P.........#
##.........#
#..........P#
##..........#
#..........## ...


You could see 4 yaks and 2 wolves.

Vanquished Creatures
  A hydra (Lair:1)
  A two-headed ogre (D:9)
  A black mamba (Lair:1)
  Maurice (D:8)
  3 cane toads
  Maggie (D:7)
  A troll (D:9)
  3 blink frogs (Lair:2)
  12 yaks
  A wyvern (D:8)
  A basilisk (Lair:2)
  An orc warrior (D:8)
  An ice beast (D:9)
  An ogre (D:7)
  2 centaurs
  2 wolves
  7 bullfrogs
  5 scorpions
  A killer bee (D:7)
  A wight (D:6)
  An electric eel (D:9)
  2 howler monkeys (D:8)
  A centaur zombie (D:9)
  A hound (D:4)
  3 jellies
  2 orc priests
  Crazy Yiuf (D:7)
  An iguana (D:4)
  Ijyb (D:3)
  Terence (D:2)
  5 orc wizards
  5 worker ants
  A hound zombie (D:9)
  A hound skeleton (D:10)
  A howler monkey zombie (D:5)
  An adder (D:2)
  A gnoll (D:5)
  A shadow imp (D:5)
  A white imp (D:5)
  2 ufetubi
  2 worms
  3 dart slugs
  3 leopard geckos
  21 orcs
  3 ball pythons
  2 giant cockroaches
  12 goblins
  7 hobgoblins
  11 jackals
  2 quokkas
  12 bats
  4 frilled lizards
  10 kobolds
  8 rats
180 creatures vanquished.

Vanquished Creatures (collateral kills)
  Gastronok (Lair:2)
  Harold (D:7)
  2 cane toads (Lair:1)
  A komodo dragon (Lair:1)
  3 polar bears
  A blink frog (Lair:2)
  5 yaks
  A basilisk (Lair:1)
  A steam dragon (Lair:2)
  2 ice beasts
  A sky beast (D:9)
  3 orc warriors
  A necrophage (D:8)
  2 ogres
  2 centaurs
  A bullfrog (D:6)
  A scorpion (D:7)
  2 killer bees (D:7)
  2 wights (D:6)
  A howler monkey (D:5)
  A crimson imp (D:4)
  A gnoll shaman (D:5)
  2 orc priests
  Jessica (D:3)
  Natasha (D:3)
  2 iguanas
  3 orc wizards
  4 worker ants
  A hound zombie (D:9)
  2 gnolls (D:5)
  4 adders
  4 white imps
  An ufetubus (D:9)
  A worm (D:3)
  2 leopard geckos
  3 orcs
  A giant cockroach (D:4)
  A hobgoblin (D:3)
  A jackal (D:4)
  2 quokkas (D:3)
  2 bats (D:3)
  A frilled lizard (D:4)
  A quokka simulacrum (D:9)
76 creatures vanquished.

Vanquished Creatures (others)
  5 battlemagi
  13 fungi
  9 plants
27 creatures vanquished.

Grand Total: 283 creatures vanquished

Notes
Turn   | Place    | Note
-------+----------+-------------------------------------------
     0 | D:1      | dickylongcocking the Demonspawn Monk began the quest for
                  | the Orb.
     0 | D:1      | Reached XP level 1. HP: 18/18 MP: 1/1
   113 | D:1      | Gained mutation: A meltable shield of frost defends you.
                  | (SH +0) [demonic ancestry]
   113 | D:1      | Reached XP level 2. HP: 21/24 MP: 2/2
   922 | D:1      | Reached XP level 3. HP: 29/29 MP: 3/3
  1749 | D:2      | Found a broken altar of Ashenzari.
  1799 | D:2      | Gained mutation: You have sharp fingernails. [demonic
                  | ancestry]
  1799 | D:2      | Reached XP level 4. HP: 35/35 MP: 4/4
  1975 | D:2      | Found a glowing silver altar of Zin.
  1975 | D:2      | Noticed Terence
  2002 | D:2      | Killed Terence
  2003 | D:2      | Reached skill level 1 in Unarmed Combat
  2305 | D:2      | Found a hazy altar of Hepliaklqana.
  2468 | D:2      | Became a worshipper of Hepliaklqana the Forgotten
  2468 | D:2      | Reached * piety under Hepliaklqana
  2468 | D:2      | Reached ** piety under Hepliaklqana
  2469 | D:2      | Remembered your ancestor Amurritum as a battlemage
  2644 | D:3      | Noticed Jessica
  2653 | D:3      | Killed Jessica
  2654 | D:3      | Gained mutation: You are partially covered in razor-sharp
                  | scales. (AC +1, Slay +1) [demonic ancestry]
  2654 | D:3      | Reached XP level 5. HP: 36/36 MP: 5/5
  2715 | D:3      | Reached skill level 1 in Invocations
  2984 | D:3      | Found a sparkling altar of Nemelex Xobeh.
  2986 | D:3      | Noticed Ijyb
  2994 | D:3      | Killed Ijyb
  3268 | D:3      | Noticed Natasha
  3280 | D:3      | Killed Natasha
  3281 | D:3      | Reached skill level 2 in Invocations
  3468 | D:3      | Reached XP level 6. HP: 43/43 MP: 7/7
  3703 | D:4      | Found a shimmering blue altar of Sif Muna.
  3707 | D:4      | Found a shadowy altar of Dithmenos.
  3708 | D:4      | Found a snail-covered altar of Cheibriados.
  3759 | D:4      | Reached skill level 3 in Invocations
  3763 | D:4      | Learned a level 1 spell: Apportation
  4186 | D:4      | Found a shimmering altar of Xom.
  4201 | D:4      | Gained mutation: You regenerate a little health from kills.
                  | [demonic ancestry]
  4201 | D:4      | Reached XP level 7. HP: 49/49 MP: 9/9
  4445 | D:4      | Found a radiant altar of Vehumet.
  4445 | D:4      | Found a burning altar of Makhleb.
  4452 | D:4      | Reached skill level 4 in Invocations
  4694 | D:5      | Entered Level 5 of the Dungeon
  4702 | D:5      | Reached skill level 5 in Fighting
  4746 | D:5      | Found a runed translucent gate.
  4746 | D:5      | Found a runed translucent gate.
  4746 | D:5      | Found a runed translucent gate.
  4750 | D:5      | Noticed crux's ghost (novice OpTm)
  4798 | D:5      | Found a staircase to the Ecumenical Temple.
  4825 | Temple   | Entered the Ecumenical Temple
  5109 | D:5      | Reached skill level 5 in Invocations
  5148 | D:5      | Found an ornate altar of the Wu Jian Council.
  5332 | D:5      | You fall into a shaft and drop 2 floors!
  5363 | D:7      | Gained mutation: You regenerate health from kills. [demonic
                  | ancestry]
  5363 | D:7      | Reached XP level 8. HP: 57/57 MP: 12/12
  5436 | D:7      | Found a blossoming altar of Fedhas.
  5484 | D:7      | Reached skill level 6 in Invocations
  5544 | D:7      | Noticed Maggie
  5546 | D:7      | Noticed Harold
  5640 | D:6      | Reached *** piety under Hepliaklqana
  5656 | D:6      | Reached skill level 5 in Unarmed Combat
  5665 | D:6      | Reached skill level 7 in Invocations
  5986 | D:6      | Identified the Handbook of the Evil Voyage
  6506 | D:7      | Killed Harold
  6507 | D:7      | Reached skill level 8 in Invocations
  6507 | D:7      | Reached XP level 9. HP: 66/66 MP: 13/15
  6530 | D:7      | Killed Maggie
  6531 | D:7      | Reached skill level 9 in Invocations
  6625 | D:7      | Found a runed translucent door.
  6626 | D:7      | Noticed Crazy Yiuf
  7033 | D:7      | Killed Crazy Yiuf
  7248 | D:8      | Noticed Maurice
  7651 | D:8      | Killed Maurice
  7652 | D:8      | Reached skill level 10 in Invocations
  8082 | D:9      | Noticed a two-headed ogre
  8090 | D:9      | Killed a two-headed ogre
  8091 | D:9      | Reached XP level 10. HP: 23/74 MP: 17/17
  8422 | D:9      | Reached **** piety under Hepliaklqana
  8499 | D:9      | Found a white marble altar of Elyvilon.
  9073 | D:9      | Reached skill level 11 in Invocations
  9209 | D:9      | Found a staircase to the Orcish Mines.
  9317 | D:9      | Found Raczob's General Store.
  9555 | D:9      | Found a roughly hewn altar of Beogh.
  9612 | D:10     | Entered Level 10 of the Dungeon
  9690 | D:10     | Reached skill level 10 in Fighting
  9717 | D:10     | Found a staircase to the Lair.
  9727 | Lair:1   | Entered Level 1 of the Lair of Beasts
  9727 | Lair:1   | Noticed a cane toad
  9735 | Lair:1   | Killed a cane toad
  9913 | Lair:1   | Noticed a black mamba
  9921 | Lair:1   | Killed a black mamba
  9922 | Lair:1   | Gained mutation: You regenerate a lot of health from kills.
                  | [demonic ancestry]
  9922 | Lair:1   | Reached XP level 11. HP: 69/81 MP: 19/19
 10037 | Lair:1   | Noticed an eight-headed hydra
 10042 | Lair:1   | Killed an eight-headed hydra
 10043 | Lair:1   | Reached skill level 12 in Invocations
 11071 | Lair:2   | Noticed Gastronok
 11076 | Lair:2   | Reached skill level 13 in Invocations
 11100 | Lair:2   | Killed Gastronok
 11101 | Lair:2   | Reached skill level 10 in Unarmed Combat
 11182 | Lair:2   | Noticed Junaliek's ghost (journeyman MiFi)
 11336 | Lair:2   | HP: 6/124 [wolf (3)]
 11337 | Lair:2   | HP: 2/124 [yak (2)]
 11339 | Lair:2   | Slain by a yak

Illustrated notes

Levels and vault maps discovered:
D:1:      saegor_arrival_simple_a, layout_loops_ring
D:2:      layout_loops_cross, evilmike_ruin_ashenzari, lemuel_round_altar,
          old_standard_altar, minmay_pentomino_t2, uniq_terence
D:3:      layout_loops_ring, nemelex_lonely_heart_becter, uniq_ijyb,
          uniq_natasha, uniq_jessica
D:4:      layout_basic, grunt_temple_overflow_lords_of_destruction,
          xom_butterflies, grunt_temple_overflow_open, serial_aquarium,
          aquarium_bridge_straight [aquarium_subvault_bridge,
          aquarium_subvault_wall, aquarium_subvault_bridge,
          aquarium_subvault_wall], aquarium_bridge_square
          [aquarium_subvault_wall, aquarium_subvault_bridge,
          aquarium_subvault_window, aquarium_subvault_wall], aquarium_window_1,
          aquarium_window_corridor_1, aquarium_window_1, aquarium_window_1,
          aquarium_view_2b, aquarium_balcony_3a, aquarium_pool_corner,
          minivault_4
D:5:      layout_rooms, pdpol_wu_jian_five_deadly_venoms,
          minmay_temple_entry_overgrown, ebering_ghost_rock_garden
D:6:      layout_cave_pools
D:7:      layout_loops_cross, kennysheep_mini, serial_aquarium,
          aquarium_bridge_square [aquarium_subvault_wall,
          aquarium_subvault_wall, aquarium_subvault_bridge,
          aquarium_subvault_bridge], aquarium_window_corner, aquarium_window_1,
          aquarium_window_fake, aquarium_window_1, aquarium_view_2c,
          aquarium_view_2d, aquarium_balcony_1b, uniq_crazy_yiuf_cottage,
          uniq_harold, uniq_maggie
D:8:      layout_basic, uniq_maurice
D:9:      layout_cave_pods, elyvilon_altar_5, minmay_orc_entry_temple_small,
          serial_ice, serial_ice_h, serial_ice_o, serial_ice_n, serial_ice_m,
          serial_ice_a, serial_shops, nicolae_shop_trees, fountainhead
D:10:     layout_gridville, grunt_lair_entry_orc_guard_hut, serial_shops, shop,
          hangedman_minor_magic
Temple:   dpeg_chambers_temple
Lair:1:   layout_small_grid
Lair:2:   layout_big_grid, gammafunk_ghost_wrathful_warriors, uniq_gastronok

Skill      XL: |  1  2  3  4  5  6  7  8  9 10 11 |
---------------+----------------------------------+-----
Axes           | 3 4 |  4.5
Unarmed Combat | 1 2 3 4 6 7 8 10 | 10.1
Invocations    | 2 3 5 8 10 11 13 | 13.5
Fighting       | 4 5 7 9 10 11 | 11.4
Dodging        | |  2.6
Stealth        | |  1.7

Action                   |  1- 3 |  4- 6 |  7- 9 | 10-12 || total
-------------------------+-------+-------+-------+-------++-------
Melee: Hand axe          |   151 |    89 |       |       ||   240
       War axe           |       |    68 |    43 |       ||   111
       Punch             |       |     3 |     6 |     7 ||    16
       Unarmed           |       |       |   199 |   263 ||   462
Invok: Ancestor Life: Ba |       |     1 |       |       ||     1
       Recall Ancestor   |       |       |     4 |       ||     4
       Idealise          |       |       |       |     3 ||     3
       Transference      |       |       |       |     1 ||     1
Evoke: Wand              |       |       |     3 |    19 ||    22
       Phantom mirror    |       |       |       |     1 ||     1
  Use: Potion            |     1 |       |       |     7 ||     8
       Scroll            |     2 |       |     1 |       ||     3
 Stab: Sleeping          |     5 |       |     1 |       ||     6
       Distracted        |       |       |     1 |     3 ||     4
Armor: Robe              |    27 |       |       |       ||    27
       Scale mail        |     8 |    57 |       |       ||    65
       Ring mail         |       |    20 |    96 |   102 ||   218
       Skin              |       |       |       |    36 ||    36
Dodge: Dodged            |   116 |    99 |   147 |   189 ||   551
Block: Other             |    24 |    31 |    30 |    47 ||   132

Table legend: (Time is in decaauts)
 A = Elapsed time spent in this place.
 B = Non-inter-level travel time spent in this place.
 C = Inter-level travel time spent in this place.
 D = Time resting spent in this place.
 E = Time spent auto-exploring this place.
 F = Levels seen in this place.
 G = Mean time per level.
                   A        B        C        D        E       F      G
               +--------+--------+--------+--------+--------+-----+--------+
         Total |  11307 |  10794 |    513 |    780 |   8162 |  13 |  869.8 |
       Dungeon |   9474 |   9022 |    452 |    750 |   6646 |  10 |  947.4 |
        Temple |    253 |    251 |      2 |      0 |    250 |   1 |  253.0 |
          Lair |   1578 |   1520 |     58 |     30 |   1266 |   2 |  789.0 |
               +--------+--------+--------+--------+--------+-----+--------+

Top non-repeatable levels by time:
     D:9: 1583 daAuts
     D:1: 1267 daAuts
     D:2: 1248 daAuts
  Lair:1: 1245 daAuts
     D:4: 1177 daAuts
     D:7: 1056 daAuts
     D:3: 1045 daAuts
     D:8: 917 daAuts
     D:6: 580 daAuts
     D:5: 488 daAuts
  Lair:2: 332 daAuts
  Temple: 253 daAuts
    D:10: 110 daAuts
